 Dungeon Crawl Stone Soup version 0.16-a0-747-geaeaf20 (webtiles) character file.

637 RobertPalmer the Covert (level 7, 0/41 HPs)
             Began as an Octopode Ice Elementalist on Sept 23, 2014.
             Slain by a mummy (16 damage)
             ... in an ossuary.
             The game lasted 00:09:47 (5196 turns).

RobertPalmer the Covert (Octopode Ice Elementalist) Turns: 5196, Time: 00:09:48

HP   0/41        AC  1     Str  8      XL: 7   Next: 50%
MP  12/12        EV 12     Int 17      God:
Gold 111         SH  0     Dex 14      Spells:  2 memorised,  6 levels left

rFire  . . .     SeeInvis .     a - +0 cutlass
rCold  . . .     Clarity  .     (no shield)
rNeg   . . .     rCorr    .     (helmet restricted)
rPois  .         rRot     .     d - amulet of the gourmand
rElec  .         Spirit   .     e - ring of sustain abilities
SustAb +         Warding  .     (no ring)
rMut   .         Stasis   .     (no ring)
Gourm  +                        (no ring)
MR     .....                    (no ring)
                                (no ring)
                                (no ring)
                                (no ring)

@: not resistant to hostile enchantments, quite stealthy
A: almost no armour, amphibious, 8 rings, constrict 8, camouflage 1, gelatinous
body 1
a: no special abilities


You were in an ossuary.
You were full.

You visited 1 branch of the dungeon, and saw 4 of its levels.
You also visited: Ossuary.

You collected 111 gold pieces.


Innate Abilities, Weirdness & Mutations

You cannot wear most types of armour.
You are amphibious.
You can wear up to eight rings at the same time.
You can use your tentacles to constrict many enemies at once.
Your skin changes colour to match your surroundings (Stealth).
Your rubbery body absorbs attacks (AC +1).


   Skills:
 + Level 3.1 Short Blades
 - Level 2.0 Dodging
 - Level 9.2 Stealth
 - Level 2.0 Spellcasting
   Level 1.0 Conjurations
 - Level 4.5 Ice Magic


You had 6 spell levels left.
You knew the following spells:

 Your Spells              Type           Power        Failure   Level  Hunger
a - Ozocubu's Armour      Chrm/Ice       #.......     24%         3    ####...
z - Freeze                Ice            ###.         2%          1    #......

Inventory:

Hand weapons
 a - a +0 cutlass (weapon)
 b - a +0 blowgun
Missiles
 m - 5 poisoned needles
Comestibles
 c - 4 bread rations
 f - 2 meat rations
 j - 2 fruits
 n - a slice of pizza
 p - a beef jerky
Jewellery
 d - an amulet of the gourmand (around mantle)
 e - a ring of sustain abilities (left tentacle)
 i - an uncursed amulet of resist corrosion
Potions
 g - a potion of invisibility
 k - 2 potions of heal wounds
Books
 l - a book of Frost

Dungeon Overview and Level Annotations

Branches:
Dungeon (4/15)
 Temple: D:4-7

Altars:
Nemelex Xobeh

#.....#..(..#
##########'#######'##
#...#...#.^.#!?.#...#
#...8...'.^.#!.?'...#
#.......#...#?.?#...#
##8...8##############
#.......#...#...#...#
#...8M..#...8...'.∩.#
#%..#...#...M@..#...#
######'###8...8###'##
Z.#??.#.^^#.......#...#
...'?..#...'...8...#.∩.#
..#??.#..^#...#...#...#
#####################


You could see a mummy.


Message History

The scorpion stings you.
a - a +0 cutlass (weapon)
The scorpion stings you.
You kill the scorpion!
Your Short Blades skill increases to level 3!
You miscast Ozocubu's Armour.
You are very lightly contaminated with residual magic.
Nothing appears to happen.
You hit the mummy but do no damage. You grab the mummy. You squeeze the mummy.
The mummy is moderately damaged.
You constrict the mummy. The mummy misses you.
You release your grip on the mummy.
There is an open door here.
You barely miss the mummy.
The mummy is moderately damaged.
You barely miss the mummy. You grab the mummy. You squeeze the mummy!
The mummy is severely damaged.
You constrict the mummy. The mummy hits you!
* * * LOW HITPOINT WARNING * * *
You release your grip on the mummy.
There is an open door here.
There is an open door here.
Your magical contamination has completely faded away.
There is an open door, spattered with blood here.
You hit the mummy but do no damage.
The mummy is severely damaged.
You hit the mummy but do no damage. You grab the mummy. You squeeze the mummy.
The mummy is almost destroyed.
You constrict the mummy. The mummy hits you!
You die...

Action                   |  1- 3 |  4- 6 |  7- 9 || total
-------------------------+-------+-------+-------++-------
Melee: Unarmed           |    18 |       |       ||    18
       Dagger            |    50 |    45 |       ||    95
       Cutlass           |       |    39 |    53 ||    92
 Fire: Blowgun           |       |       |     1 ||     1
 Cast: Freeze            |    23 |    27 |     3 ||    53
  Use: Scroll            |     3 |     3 |       ||     6
       Potion            |       |     3 |       ||     3
 Stab: Sleeping          |     7 |     4 |     3 ||    14
       Distracted        |       |     1 |     2 ||     3
       Invisible         |       |     1 |       ||     1
  Eat: Chunk             |    14 |     7 |     2 ||    23

Vault maps used:
D:1:      lightli_molten_gateway, minmay_close_crescents
D:2:      first_bread, nemelex_dance_club_becter
D:3:      st_stairs_12, hex_medium, kennysheep_cross_room,
          kennysheep_cross_bottleneck, uniq_grinder, uniq_iyjb, uniq_sigmund
D:4:      minmay_temple_entry_hall, serial_shops, shop, serial_glass,
          glass_columns_a, glass_columns_a, item_on_display_a,
          due_unseen_surprise, enter_ossuary_1, uniq_crazy_yiuf_cottage
Ossuary:  ossuary_minmay_scorpions

Notes
Turn   | Place    | Note
--------------------------------------------------------------
     0 | D:1      | RobertPalmer, the Octopode Ice Elementalist, began the quest for the Orb.
     0 | D:1      | Reached XP level 1. HP: 11/11 MP: 3/3
    70 | D:1      | Reached XP level 2. HP: 3/17 MP: 1/4
   479 | D:1      | Reached skill level 4 in Ice Magic
   506 | D:1      | Reached XP level 3. HP: 8/21 MP: 1/6
  1438 | D:2      | Learned a level 3 spell: Ozocubu's Armour
  1481 | D:2      | Reached skill level 3 in Stealth
  1762 | D:2      | Found a sparkling altar of Nemelex Xobeh.
  1818 | D:2      | Reached XP level 4. HP: 27/27 MP: 7/7
  1894 | D:2      | Reached skill level 4 in Stealth
  3102 | D:3      | Reached skill level 5 in Stealth
  3149 | D:3      | Noticed Sigmund
  3316 | D:3      | Reached XP level 5. HP: 17/31 MP: 5/9
  3545 | D:3      | Noticed Ijyb
  3550 | D:3      | Killed Ijyb
  3587 | D:3      | Killed Sigmund
  3587 | D:3      | Reached skill level 7 in Stealth
  3700 | D:3      | Noticed Grinder
  3712 | D:3      | Paralysed by Grinder for 6 turns
  3725 | D:3      | Paralysed by Grinder for 4 turns
  3744 | D:3      | Killed Grinder
  3744 | D:3      | Reached skill level 9 in Stealth
  3744 | D:3      | Reached XP level 6. HP: 23/36 MP: 10/10
  3744 | D:3      | Reached XP level 7. HP: 26/41 MP: 12/12
  4055 | D:4      | Found a sand-covered staircase.
  4103 | Ossuary  | Entered an ossuary
  4783 | Ossuary  | Reached skill level 1 in Short Blades
  5028 | Ossuary  | Reached skill level 2 in Short Blades
  5158 | Ossuary  | Reached skill level 3 in Short Blades
  5196 | Ossuary  | Slain by a mummy

Vanquished Creatures
  Grinder (D:3)
  Sigmund (D:3)
  3 scorpions (Ossuary)
  A centaur zombie (Ossuary)
  Ijyb (D:3)
  2 scorpion zombies (Ossuary)
  3 adders
  3 worms
  A giant gecko (D:1)
  2 oozes (D:2)
  10 orcs
  5 giant cockroaches
  2 gnoll zombies (Ossuary)
  7 goblins
  9 hobgoblins
  3 jackals (D:2)
  12 kobolds
  3 quokkas
  11 bats
  3 giant newts
  A goblin zombie (Ossuary)
  A hobgoblin zombie (Ossuary)
  A kobold zombie (Ossuary)
  9 rats
95 creatures vanquished.

Vanquished Creatures (others)
  A goblin zombie (Ossuary)
1 creature vanquished.

Grand Total: 96 creatures vanquished
